| TOP OF THE 1ST |
|
Burlington Royals batting - Pitching for Oakland (APP) Athletics : LHP David Arnold
|
|
Pitching: LHP David Arnold
|
|
|
Batting: RHB Tim Persson
|
0-0: Ball 1-0: Ball 2-0: Called Strike 2-1: Bunt for hit to 15 - play at first, batter safe!
|
|
Batting: LHB Ernesto Abreu
|
0-0: Foul Ball, location: 2F 0-1: Called Strike 0-2: Ball 1-2: SINGLE (Groundball, 25, EV 72.5 MPH) (infield hit) Tim Persson to second
|
|
Batting: SHB Manny Berrones
|
0-0: Ball 1-0: Ball 2-0: Called Strike 2-1: Swinging Strike 2-2: Fielders Choice at 2nd, 6-4 (Groundball, 6, EV 100.6 MPH) Tim Persson to third
|
|
Batting: SHB Danny Ballenger
|
0-0: Ball 1-0: Foul Ball, location: 2F 1-1: Ball 2-1: SINGLE (Groundball, 3D, EV 98.8 MPH) Tim Persson scores Manny Berrones to second Runner from 2nd tries for 3rd, SAFE, throw by RF made to third
|
|
Batting: LHB Bobby Gonzalez
|
0-0: Ball 1-0: Called Strike 1-1: Called Strike 1-2: Strikes out swinging
|
|
Batting: SHB Marcos Cortez
|
0-0: Fly out, F4 (Line Drive, 4, EV 67.5 MPH)
|
| Top of the 1st over - 1 run, 3 hits, 0 errors, 2 left on base; Burlington 1 - Oakland (APP) 0 |
| BOTTOM OF THE 1ST |
|
Oakland (APP) Athletics batting - Pitching for Burlington Royals : LHP Hyoji Kawabata
|
|
Pitching: LHP Hyoji Kawabata
|
|
|
Batting: RHB Steve Blackshear
|
0-0: Foul Ball, location: 2F 0-1: Ball 1-1: Foul Ball, location: 2F 1-2: Ball 2-2: Foul Ball, location: 2F 2-2: Ball 3-2: Ground out 5-3 (Groundball, 56, EV 104.4 MPH)
|
|
Batting: LHB Mark Friedmann
|
0-0: Ball 1-0: Ball 2-0: Called Strike 2-1: Fly out, F5 (Popup, 5SF, EV 74.4 MPH)
|
|
Batting: RHB Matt Black
|
0-0: Ball 1-0: Called Strike 1-1: Ball 2-1: Called Strike 2-2: Strikes out swinging
|
| Bottom of the 1st over - 0 runs, 0 hits, 0 errors, 0 left on base; Burlington 1 - Oakland (APP) 0 |
| TOP OF THE 2ND |
|
Burlington Royals batting - Pitching for Oakland (APP) Athletics : LHP David Arnold
|
|
Batting: RHB Rob Ward
|
0-0: Called Strike 0-1: Swinging Strike 0-2: Ball 1-2: Ball 2-2: Strikes out swinging
|
|
Batting: RHB Shane Bruce
|
0-0: SINGLE (Groundball, 6D, EV 107.5 MPH)
|
|
Batting: RHB Junsuke Abe
|
0-0: Ball 1-0: Bunted foul 1-1: Sac Bunt to 15S - play at first, batter OUT! 1-4 Shane Bruce to second
|
|
Batting: RHB Tim Persson
|
0-0: Ground out 5-3 (Groundball, 56S, EV 91.9 MPH)
|
| Top of the 2nd over - 0 runs, 1 hit, 0 errors, 1 left on base; Burlington 1 - Oakland (APP) 0 |
| BOTTOM OF THE 2ND |
|
Oakland (APP) Athletics batting - Pitching for Burlington Royals : LHP Hyoji Kawabata
|
|
Batting: RHB Tetsuya Shinoda
|
0-0: Ball 1-0: Foul Ball, location: 2F 1-1: Called Strike 1-2: Fly out, F7 (Flyball, 78S, EV 90.0 MPH)
|
|
Batting: RHB Walt Alaniz
|
0-0: Ball 1-0: Ball 2-0: Ball 3-0: Base on Balls
|
|
Batting: LHB Al Soltero
|
0-0: SINGLE (Groundball, 4S, EV 72.5 MPH) (infield hit) Walt Alaniz to second
|
|
Batting: RHB Branden Mackie
|
0-0: Called Strike 0-1: Ball 1-1: Ball 2-1: Ball 3-1: Swinging Strike 3-2: Strikes out swinging
|
|
Batting: SHB George Marshall
|
0-0: Fielders Choice at 2nd, 5-4 (Groundball, 56, EV 103.1 MPH)
|
| Bottom of the 2nd over - 0 runs, 1 hit, 0 errors, 2 left on base; Burlington 1 - Oakland (APP) 0 |
| TOP OF THE 3RD |
|
Burlington Royals batting - Pitching for Oakland (APP) Athletics : LHP David Arnold
|
|
Batting: LHB Ernesto Abreu
|
0-0: Called Strike 0-1: Ball 1-1: Called Strike 1-2: Ball 2-2: Foul Ball, location: 2F 2-2: Foul Ball, location: 2F 2-2: Foul Ball, location: 2F 2-2: Foul Ball, location: 2F 2-2: Ball 3-2: Base on Balls
|
|
Batting: SHB Manny Berrones
|
0-0: Ball 1-0: Ball 2-0: Called Strike 2-1: Swinging Strike 2-2: Ground out 6-3 (Groundball, 6, EV 88.8 MPH) Ernesto Abreu to second
|
|
Batting: SHB Danny Ballenger
|
0-0: Called Strike 0-1: Ball 1-1: Ball 2-1: Fly out, F8 (Flyball, 8RD, EV 85.6 MPH) Throwing error, E8 Ernesto Abreu scores
|
|
Batting: LHB Bobby Gonzalez
|
0-0: Ball 1-0: Ball 2-0: Ball 3-0: Called Strike 3-1: Fly out, F6 (Line Drive, 6, EV 67.5 MPH)
|
| Top of the 3rd over - 1 run, 0 hits, 1 error, 0 left on base; Burlington 2 - Oakland (APP) 0 |
| BOTTOM OF THE 3RD |
|
Oakland (APP) Athletics batting - Pitching for Burlington Royals : LHP Hyoji Kawabata
|
|
Batting: RHB Tim Anderson
|
0-0: Ball 1-0: Called Strike 1-1: Foul Ball, location: 2F 1-2: Ground out 1-3 (Groundball, 13S, EV 70.0 MPH)
|
|
Batting: RHB Steve Blackshear
|
0-0: Foul Ball, location: 2F 0-1: Foul Ball, location: 2F 0-2: Ball 1-2: Ball 2-2: Strikes out swinging
|
|
Batting: LHB Mark Friedmann
|
0-0: Foul Ball, location: 2F 0-1: Ball 1-1: Foul Ball, location: 2F 1-2: Strikes out swinging
|
| Bottom of the 3rd over - 0 runs, 0 hits, 0 errors, 0 left on base; Burlington 2 - Oakland (APP) 0 |
| TOP OF THE 4TH |
|
Burlington Royals batting - Pitching for Oakland (APP) Athletics : LHP David Arnold
|
|
Batting: SHB Marcos Cortez
|
0-0: Ball 1-0: Called Strike 1-1: Ball 2-1: Foul Ball, location: 2F 2-2: Ball 3-2: Foul Ball, location: 2F 3-2: Strikes out swinging
|
|
Batting: RHB Rob Ward
|
0-0: Fly out, F8 (Flyball, 78D, EV 98.1 MPH)
|
|
Batting: RHB Shane Bruce
|
0-0: Ball 1-0: Called Strike 1-1: Foul Ball, location: 2F 1-2: Ball 2-2: Foul Ball, location: 2F 2-2: Ball 3-2: Strikes out looking
|
| Top of the 4th over - 0 runs, 0 hits, 0 errors, 0 left on base; Burlington 2 - Oakland (APP) 0 |
| BOTTOM OF THE 4TH |
|
Oakland (APP) Athletics batting - Pitching for Burlington Royals : LHP Hyoji Kawabata
|
|
Batting: RHB Matt Black
|
0-0: Swinging Strike 0-1: Ball 1-1: Swinging Strike 1-2: Ball 2-2: Ball 3-2: SINGLE (Line Drive, 7LS, EV 88.1 MPH)
|
|
Batting: RHB Tetsuya Shinoda
|
0-0: Ball 1-0: Foul Ball, location: 2F 1-1: Ball 2-1: Swinging Strike 2-2: Strikes out swinging
|
|
Batting: RHB Walt Alaniz
|
0-0: Fly out, F6 (Popup, 6MD, EV 54.4 MPH)
|
|
Batting: LHB Al Soltero
|
0-0: Ball 1-0: Ball 2-0: Ball 3-0: Base on Balls Matt Black to second
|
|
Batting: RHB Branden Mackie
|
0-0: Ball 1-0: Ball 2-0: SINGLE (Line Drive, 8RS, EV 100.6 MPH) Matt Black to third Al Soltero to second
|
|
Batting: SHB George Marshall
|
0-0: Hit by Pitch Matt Black scores Al Soltero to third Branden Mackie to second
|
|
Batting: RHB Tim Anderson
|
0-0: Ball 1-0: SINGLE (Groundball, 6MD, EV 110.0 MPH) Al Soltero scores Branden Mackie to third George Marshall to second Runner from 3rd tries for Home, SAFE, throw by CF to home
|
|
Batting: RHB Steve Blackshear
|
0-0: Ball 1-0: Reached on error, E6 (Groundball, 6, EV 103.1 MPH) George Marshall to third Tim Anderson to second
|
|
Batting: LHB Mark Friedmann
|
0-0: Called Strike 0-1: Ball 1-1: Foul Ball, location: 2F 1-2: Ground out 4-3 (Groundball, 4, EV 91.9 MPH)
|
| Bottom of the 4th over - 3 runs, 3 hits, 1 error, 3 left on base; Burlington 2 - Oakland (APP) 3 |
| TOP OF THE 5TH |
|
Burlington Royals batting - Pitching for Oakland (APP) Athletics : LHP David Arnold
|
|
Batting: RHB Junsuke Abe
|
0-0: Called Strike 0-1: Ball 1-1: Foul Ball, location: 2F 1-2: Foul Ball, location: 2F 1-2: Foul Ball, location: 2F 1-2: Strikes out swinging
|
|
Batting: RHB Tim Persson
|
0-0: Foul Ball, location: 2F 0-1: Called Strike 0-2: Ball 1-2: Ball 2-2: Ball 3-2: Strikes out looking
|
|
Batting: LHB Ernesto Abreu
|
0-0: Called Strike 0-1: Ball 1-1: Foul Ball, location: 2F 1-2: Ball 2-2: Foul Ball, location: 2F 2-2: SINGLE (Groundball, 15S, EV 65.0 MPH) (infield hit)
|
|
Batting: SHB Manny Berrones
|
0-0: Called Strike 0-1: Ball 1-1: Ball 2-1: Ball 3-1: Called Strike 3-2: Strikes out looking
|
| Top of the 5th over - 0 runs, 1 hit, 0 errors, 1 left on base; Burlington 2 - Oakland (APP) 3 |
| BOTTOM OF THE 5TH |
|
Oakland (APP) Athletics batting - Pitching for Burlington Royals : LHP Hyoji Kawabata
|
|
Batting: RHB Matt Black
|
0-0: Foul Ball, location: 2F 0-1: Foul Ball, location: 2F 0-2: Foul Ball, location: 2F 0-2: Foul Ball, location: 2F 0-2: Ball 1-2: Ball 2-2: Foul Ball, location: 2F 2-2: Ball 3-2: SINGLE (Groundball, 6MD, EV 98.1 MPH)
|
|
Batting: RHB Tetsuya Shinoda
|
0-0: Ball 1-0: Fielders Choice at 2nd, 3-6 (Groundball, 3, EV 109.4 MPH)
|
|
Batting: RHB Walt Alaniz
|
0-0: Ball Wild Pitch! Tetsuya Shinoda to second 1-0: Called Strike 1-1: Ball 2-1: Fly out, F8 (Flyball, 8LS, EV 88.1 MPH)
|
|
Batting: LHB Al Soltero
|
0-0: Foul Ball, location: 2F 0-1: Foul Ball, location: 2F 0-2: Strikes out swinging
|
| Bottom of the 5th over - 0 runs, 1 hit, 0 errors, 1 left on base; Burlington 2 - Oakland (APP) 3 |
| TOP OF THE 6TH |
|
Burlington Royals batting - Pitching for Oakland (APP) Athletics : LHP David Arnold
|
|
Batting: SHB Danny Ballenger
|
0-0: Ball 1-0: Ball 2-0: Ball 3-0: Base on Balls
|
|
Batting: LHB Bobby Gonzalez
|
0-0: Called Strike 0-1: DOUBLE (Groundball, 3L, EV 105.6 MPH) Danny Ballenger to third Runner from 3rd tries for Home, throw by RF and OUT! 9-4-2
|
|
Batting: SHB Marcos Cortez
|
0-0: Called Strike 0-1: Ground out 6-3 (Groundball, 6, EV 106.9 MPH)
|
|
Batting: RHB Rob Ward
|
0-0: Swinging Strike 0-1: Ball 1-1: Ground out 1-3 (Groundball, 15S, EV 65.0 MPH)
|
| Top of the 6th over - 0 runs, 1 hit, 0 errors, 1 left on base; Burlington 2 - Oakland (APP) 3 |
| BOTTOM OF THE 6TH |
|
Oakland (APP) Athletics batting - Pitching for Burlington Royals : LHP Hyoji Kawabata
|
|
Pitching: RHP Philip Terrell
|
|
|
Batting: RHB Branden Mackie
|
0-0: Ball 1-0: Ground out 6-3 (Groundball, 6, EV 81.9 MPH)
|
|
Batting: SHB George Marshall
|
0-0: Called Strike 0-1: Hit by Pitch
|
|
Batting: RHB Tim Anderson
|
0-0: Ball 1-0: Fielders Choice at 2nd, 5-4 (Groundball, 5S, EV 84.4 MPH)
|
|
Batting: RHB Steve Blackshear
|
0-0: Fly out, F8 (Flyball, 89D, EV 94.4 MPH)
|
| Bottom of the 6th over - 0 runs, 0 hits, 0 errors, 1 left on base; Burlington 2 - Oakland (APP) 3 |
| TOP OF THE 7TH |
|
Burlington Royals batting - Pitching for Oakland (APP) Athletics : LHP David Arnold
|
|
Pitching: RHP Victor Sanchez
|
|
|
Batting: RHB Shane Bruce
|
0-0: Ball 1-0: Ball 2-0: Ball 3-0: Called Strike 3-1: SINGLE (Flyball, 78M, EV 80.6 MPH)
|
|
Batting: RHB Junsuke Abe
|
0-0: Sac Bunt to 3S - play at first, batter OUT! 3-4 Shane Bruce to second
|
|
Batting: RHB Tim Persson
|
0-0: Called Strike 0-1: Swinging Strike 0-2: Strikes out swinging
|
|
Batting: LHB Ernesto Abreu
|
0-0: Ground out 5-3 (Groundball, 56, EV 95.6 MPH)
|
| Top of the 7th over - 0 runs, 1 hit, 0 errors, 1 left on base; Burlington 2 - Oakland (APP) 3 |
| BOTTOM OF THE 7TH |
|
Oakland (APP) Athletics batting - Pitching for Burlington Royals : RHP Philip Terrell
|
|
Pitching: RHP Tim Tucker
|
|
|
Batting: LHB Mark Friedmann
|
0-0: Ball 1-0: Called Strike 1-1: Ball 2-1: Fly out, F4 (Line Drive, 4, EV 65.6 MPH)
|
|
Batting: RHB Matt Black
|
0-0: Called Strike 0-1: Ball 1-1: Ball 2-1: Foul Ball, location: 2F 2-2: Strikes out looking
|
|
Batting: RHB Tetsuya Shinoda
|
0-0: Ball 1-0: Called Strike 1-1: Ball 2-1: Foul Ball, location: 2F 2-2: Ball 3-2: Base on Balls
|
|
Batting: RHB Walt Alaniz
|
0-0: Ball 1-0: Ball 2-0: Called Strike 2-1: Foul Ball, location: 2F 2-2: Ball 3-2: Fly out, F7 (Line Drive, 7, EV 97.5 MPH)
|
| Bottom of the 7th over - 0 runs, 0 hits, 0 errors, 1 left on base; Burlington 2 - Oakland (APP) 3 |
| TOP OF THE 8TH |
|
Burlington Royals batting - Pitching for Oakland (APP) Athletics : RHP Victor Sanchez
|
|
Batting: SHB Manny Berrones
|
0-0: Ball 1-0: Called Strike 1-1: Swinging Strike 1-2: Ground out 4-3 (Groundball, 4, EV 106.2 MPH)
|
|
Batting: SHB Danny Ballenger
|
0-0: Foul Ball, location: 2F 0-1: Called Strike 0-2: Strikes out swinging
|
|
Batting: LHB Bobby Gonzalez
|
0-0: Foul Ball, location: 2F 0-1: Ground out 4-3 (Groundball, 4S, EV 64.4 MPH)
|
| Top of the 8th over - 0 runs, 0 hits, 0 errors, 0 left on base; Burlington 2 - Oakland (APP) 3 |
| BOTTOM OF THE 8TH |
|
Oakland (APP) Athletics batting - Pitching for Burlington Royals : RHP Tim Tucker
|
|
Batting: LHB Al Soltero
|
0-0: Swinging Strike 0-1: Ball 1-1: Ball 2-1: Ball 3-1: Swinging Strike 3-2: Fly out, F6 (Popup, 6M, EV 70.0 MPH)
|
|
Batting: RHB Branden Mackie
|
0-0: Called Strike 0-1: Ground out 6-3 (Groundball, 6, EV 105.6 MPH)
|
|
Batting: SHB George Marshall
|
0-0: Foul Ball, location: 2F 0-1: Ball 1-1: Ground out 4-3 (Groundball, 34D, EV 100.6 MPH)
|
| Bottom of the 8th over - 0 runs, 0 hits, 0 errors, 0 left on base; Burlington 2 - Oakland (APP) 3 |
| TOP OF THE 9TH |
|
Burlington Royals batting - Pitching for Oakland (APP) Athletics : RHP Victor Sanchez
|
|
Batting: SHB Marcos Cortez
|
0-0: Ball 1-0: Ball 2-0: Called Strike 2-1: Foul Ball, location: 2F 2-2: Foul Ball, location: 2F 2-2: Foul Ball, location: 2F 2-2: Ball 3-2: Foul Ball, location: 2F 3-2: Strikes out swinging
|
|
Batting: RHB Rob Ward
|
0-0: Ball 1-0: Reached on error, E6 (Groundball, 56, EV 84.4 MPH)
|
|
Batting: RHB Shane Bruce
|
0-0: Ground out 6-3 (Groundball, 6, EV 88.1 MPH)
|
|
Batting: RHB Junsuke Abe
|
0-0: Called Strike 0-1: Swinging Strike 0-2: Ball 1-2: Ground out 1-3 (Groundball, 13, EV 74.4 MPH)
|
| Top of the 9th over - 0 runs, 0 hits, 1 error, 1 left on base; Burlington 2 - Oakland (APP) 3 |
|